3L
NASHVILLE OUTLAWS @ TOLEDO STINGERS
09/13/2042
 
TOP OF THE 1ST
Nashville Outlaws batting - Pitching for Toledo Stingers : RHP John Rigsby
Pitching: RHP John Rigsby
Batting: LHB Daniel Page 0-0: Ball
1-0: Foul Ball, location: 2F
1-1: Called Strike
1-2: Fly out, F9 (Line Drive, 9, EV 105.6 MPH)
Batting: LHB Juan Santángel 0-0: Called Strike
0-1: Ball
1-1: Ball
2-1: Ball
3-1: Base on Balls
Batting: LHB Nikolai Volkoff 0-0: Ball
1-0: Called Strike
1-1: Ball
2-1: Foul Ball, location: 2F
2-2: Strikes out swinging
Batting: RHB Shimei Miura 0-0: Ball
1-0: Foul Ball, location: 2F
1-1: Ball
2-1: Ball
3-1: SINGLE (Groundball, 56D, EV 111.9 MPH)
Juan Santángel to second
Batting: RHB Jong-yun Rhee 0-0: Ball
1-0: Ball
2-0: Ball
3-0: Called Strike
3-1: Fielders Choice at 2nd, 6-4 (Groundball, 6, EV 85.6 MPH)
Top of the 1st over - 0 runs, 1 hit, 0 errors, 2 left on base; Nashville 0 - Toledo 0
BOTTOM OF THE 1ST
Toledo Stingers batting - Pitching for Nashville Outlaws : RHP Carlos Simon
Pitching: RHP Carlos Simon
Batting: RHB Brook Linen 0-0: Fly out, F8 (Flyball, 8RS, EV 81.2 MPH)
Batting: LHB Lester Threlfall 0-0: Ball
1-0: Called Strike
1-1: Ball
2-1: Ball
3-1: Called Strike
3-2: Foul Ball, location: 2F
3-2: DOUBLE (Flyball, 8LXD, EV 103.1 MPH) - OUT at third base trying to stretch hit.
Batting: LHB Matt Dunlap 0-0: Called Strike
0-1: Foul Ball, location: 2F
0-2: Fly out, F8 (Flyball, 78D, EV 88.1 MPH)
Bottom of the 1st over - 0 runs, 1 hit, 0 errors, 0 left on base; Nashville 0 - Toledo 0
TOP OF THE 2ND
Nashville Outlaws batting - Pitching for Toledo Stingers : RHP John Rigsby
Batting: RHB Broderick Sarcoma 0-0: DOUBLE (Line Drive, 3D, EV 93.8 MPH)
Batting: LHB Bartolo Soto 0-0: Foul Ball, location: 2F
0-1: Ball
1-1: Ground out 5-3 (Groundball, 56, EV 85.6 MPH)
Batting: LHB Duff Eckstein 0-0: Ball
1-0: SINGLE (Line Drive, 4D, EV 100.0 MPH)
Broderick Sarcoma to third
Runner from 3rd tries for Home, SAFE, throw by CF to home
Batting: LHB Wilson Hernández 0-0: SINGLE (Groundball, 4D, EV 96.2 MPH)
Duff Eckstein to second
Runner from 2nd tries for 3rd, SAFE, throw by CF made to third
Batting: LHB Daniel Page 0-0: Ball
1-0: Ground out 3-1 (Groundball, 3, EV 100.6 MPH)
Duff Eckstein scores
Wilson Hernández to second
Batting: LHB Juan Santángel 0-0: Called Strike
0-1: Ground out U3 (Groundball, 34, EV 86.2 MPH)
Top of the 2nd over - 2 runs, 3 hits, 0 errors, 1 left on base; Nashville 2 - Toledo 0
BOTTOM OF THE 2ND
Toledo Stingers batting - Pitching for Nashville Outlaws : RHP Carlos Simon
Batting: RHB Baldomero Avino 0-0: Called Strike
0-1: Ball
1-1: Ball
2-1: Swinging Strike
2-2: Ball
3-2: Foul Ball, location: 2F
3-2: DOUBLE (Line Drive, 78D, EV 103.1 MPH)
Batting: SHB Adam Clements 0-0: Called Strike
0-1: Swinging Strike
0-2: Ball
1-2: Strikes out swinging, 2-3 out at first.
Batting: RHB Anselmo Berneu 0-0: Ball
1-0: Ball
2-0: Called Strike
2-1: Ball
3-1: Ground out 5-3 (Groundball, 56, EV 83.8 MPH)
Batting: LHB Grover Barbaran 0-0: Ball
1-0: Fly out, F7 (Flyball, 7, EV 89.4 MPH)
Bottom of the 2nd over - 0 runs, 1 hit, 0 errors, 1 left on base; Nashville 2 - Toledo 0
TOP OF THE 3RD
Nashville Outlaws batting - Pitching for Toledo Stingers : RHP John Rigsby
Batting: LHB Nikolai Volkoff 0-0: Ball
1-0: Called Strike
1-1: Swinging Strike
1-2: Foul Ball, location: 2F
1-2: Ground out 4-3 (Groundball, 4M, EV 105.0 MPH)
Batting: RHB Shimei Miura 0-0: Ball
1-0: Ball
2-0: Ball
3-0: Called Strike
3-1: SOLO HOME RUN (Line Drive, 7LD, EV 99.4 MPH), Distance : 357 ft
Batting: RHB Jong-yun Rhee 0-0: Ball
1-0: Ball
2-0: Foul Ball, location: 2F
2-1: Foul Ball, location: 2F
2-2: Ground out 6-3 (Groundball, 6, EV 101.9 MPH)
Batting: RHB Broderick Sarcoma 0-0: Called Strike
0-1: Foul Ball, location: 2F
0-2: Foul Ball, location: 2F
0-2: Hit by Pitch
Batting: LHB Bartolo Soto 0-0: Ball
1-0: Fly out, F7 (Flyball, 7S, EV 82.5 MPH)
Top of the 3rd over - 1 run, 1 hit, 0 errors, 1 left on base; Nashville 3 - Toledo 0
BOTTOM OF THE 3RD
Toledo Stingers batting - Pitching for Nashville Outlaws : RHP Carlos Simon
Batting: RHB David Alcabú 0-0: Fly out, F2 (Popup, 2LF, EV 86.9 MPH)
Batting: LHB Snow Wang 0-0: Ball
1-0: SINGLE (Groundball, 34D, EV 98.1 MPH)
Batting: RHB Brook Linen 0-0: Ball
1-0: Ball
2-0: Foul Ball, location: 2F
2-1: SINGLE (Groundball, 34S, EV 77.5 MPH) (infield hit)
Snow Wang to second
Batting: LHB Lester Threlfall 0-0: Called Strike
0-1: Ball
1-1: Ball
2-1: Foul Ball, location: 2F
2-2: Grounds into double play, 5-4-3 (Groundball, 56S, EV 79.4 MPH)
Bottom of the 3rd over - 0 runs, 2 hits, 0 errors, 1 left on base; Nashville 3 - Toledo 0
TOP OF THE 4TH
Nashville Outlaws batting - Pitching for Toledo Stingers : RHP John Rigsby
Batting: LHB Duff Eckstein 0-0: Called Strike
0-1: Ball
1-1: Foul Ball, location: 2F
1-2: Ball
2-2: Foul Ball, location: 2F
2-2: TRIPLE (Groundball, 3L, EV 97.5 MPH)
Batting: LHB Wilson Hernández 0-0: Fly out, F7 (Flyball, 7S, EV 88.1 MPH)
Batting: LHB Daniel Page 0-0: Called Strike
0-1: Ball
1-1: Swinging Strike
1-2: Ball
2-2: Strikes out swinging
Batting: LHB Juan Santángel 0-0: SINGLE (Groundball, 4D, EV 105.0 MPH)
Duff Eckstein scores
Batting: LHB Nikolai Volkoff 0-0: Called Strike
0-1: Foul Ball, location: 2F
0-2: Fly out, F7 (Flyball, 78XD, EV 95.6 MPH)
Top of the 4th over - 1 run, 2 hits, 0 errors, 1 left on base; Nashville 4 - Toledo 0
BOTTOM OF THE 4TH
Toledo Stingers batting - Pitching for Nashville Outlaws : RHP Carlos Simon
Batting: LHB Matt Dunlap 0-0: Called Strike
0-1: Swinging Strike
0-2: Fly out, F2 (Popup, 2RF, EV 90.6 MPH)
Batting: RHB Baldomero Avino 0-0: Ball
1-0: Ball
2-0: Ball
3-0: Base on Balls
Batting: SHB Adam Clements 0-0: Foul Ball, location: 2F
0-1: SINGLE (Line Drive, 3D, EV 105.6 MPH)
Baldomero Avino to second
Batting: RHB Anselmo Berneu 0-0: Fly out, F8 (Flyball, 89XD, EV 99.4 MPH)
Batting: LHB Grover Barbaran 0-0: Called Strike
0-1: Foul Ball, location: 2F
0-2: Ball
1-2: Ball
2-2: Ground out U3 (Groundball, 3S, EV 86.2 MPH)
Bottom of the 4th over - 0 runs, 1 hit, 0 errors, 2 left on base; Nashville 4 - Toledo 0
TOP OF THE 5TH
Nashville Outlaws batting - Pitching for Toledo Stingers : RHP John Rigsby
Batting: RHB Shimei Miura 0-0: Foul Ball, location: 2F
0-1: Ball
1-1: Foul Ball, location: 2F
1-2: Ball
2-2: Strikes out looking
Batting: RHB Jong-yun Rhee 0-0: Ball
1-0: Foul Ball, location: 2F
1-1: Ball
2-1: Swinging Strike
2-2: Strikes out swinging
Batting: RHB Broderick Sarcoma 0-0: Ball
1-0: Ball
2-0: Called Strike
2-1: Ball
3-1: Foul Ball, location: 2F
3-2: SINGLE (Groundball, 4D, EV 110.6 MPH)
Batting: LHB Bartolo Soto 0-0: Called Strike
0-1: Swinging Strike
0-2: SINGLE (Groundball, 4MD, EV 93.8 MPH)
Broderick Sarcoma to second
Batting: LHB Duff Eckstein 0-0: Called Strike
0-1: Ball
1-1: Called Strike
1-2: Foul Ball, location: 2F
1-2: Ground out 4-3 (Groundball, 4, EV 85.0 MPH)
Top of the 5th over - 0 runs, 2 hits, 0 errors, 2 left on base; Nashville 4 - Toledo 0
BOTTOM OF THE 5TH
Toledo Stingers batting - Pitching for Nashville Outlaws : RHP Carlos Simon
Batting: RHB David Alcabú 0-0: Ball
1-0: TRIPLE (Flyball, 78XD, EV 89.4 MPH)
Batting: LHB Snow Wang 0-0: Ball
1-0: Ball
2-0: Foul Ball, location: 2F
2-1: Called Strike
2-2: Ground out 5-3 (Groundball, 56, EV 81.9 MPH)
David Alcabú scores
Batting: RHB Brook Linen 0-0: Ball
1-0: Foul Ball, location: 2F
1-1: Ground out U3 (Groundball, 3S, EV 71.2 MPH)
Batting: LHB Lester Threlfall 0-0: SOLO HOME RUN (Flyball, 9D, EV 104.4 MPH), Distance : 382 ft
Batting: LHB Matt Dunlap 0-0: Foul Ball, location: 2F
0-1: Ball
1-1: Foul Ball, location: 2F
1-2: Foul Ball, location: 2F
1-2: Strikes out swinging
Bottom of the 5th over - 2 runs, 2 hits, 0 errors, 0 left on base; Nashville 4 - Toledo 2
TOP OF THE 6TH
Nashville Outlaws batting - Pitching for Toledo Stingers : RHP John Rigsby
Batting: LHB Wilson Hernández 0-0: Ball
1-0: Called Strike
1-1: Bunted foul
1-2: Ball
2-2: Strikes out swinging
Batting: LHB Daniel Page 0-0: Ground out 5-3 (Groundball, 5, EV 86.9 MPH)
Batting: LHB Juan Santángel 0-0: Called Strike
0-1: Ground out 4-3 (Groundball, 4, EV 82.5 MPH)
Top of the 6th over - 0 runs, 0 hits, 0 errors, 0 left on base; Nashville 4 - Toledo 2
BOTTOM OF THE 6TH
Toledo Stingers batting - Pitching for Nashville Outlaws : RHP Carlos Simon
Batting: RHB Baldomero Avino 0-0: Called Strike
0-1: Fly out, F9 (Flyball, 9S, EV 81.9 MPH)
Batting: SHB Adam Clements 0-0: Foul Ball, location: 2F
0-1: Ball
1-1: Called Strike
1-2: Ball
2-2: Ball
3-2: Foul Ball, location: 2F
3-2: Base on Balls
Batting: RHB Anselmo Berneu 0-0: Ball
1-0: Ball
2-0: Foul Ball, location: 2F
2-1: Foul Ball, location: 2F
2-2: Ball
3-2: Base on Balls
Adam Clements to second
Pitching: LHP Bob Bolen
Batting: LHB Grover Barbaran 0-0: Called Strike
0-1: Called Strike
0-2: Ball
1-2: Strikes out swinging
Batting: RHB David Alcabú 0-0: DOUBLE (Line Drive, 9LM, EV 101.9 MPH)
Adam Clements scores
Anselmo Berneu to third
Batting: LHB Snow Wang 0-0: Called Strike
0-1: Ground out 4-3 (Groundball, 34, EV 85.6 MPH)
Bottom of the 6th over - 1 run, 1 hit, 0 errors, 2 left on base; Nashville 4 - Toledo 3
TOP OF THE 7TH
Nashville Outlaws batting - Pitching for Toledo Stingers : RHP John Rigsby
Pitching: RHP Adam Durango
Batting: LHB Nikolai Volkoff 0-0: Ball
1-0: Swinging Strike
1-1: SINGLE (Line Drive, 8RS, EV 98.1 MPH)
Batting: RHB Shimei Miura 0-0: Called Strike
0-1: Ball
1-1: Fly out, F8 (Flyball, 8RM, EV 87.5 MPH)
Batting: RHB Jong-yun Rhee 0-0: Ball
1-0: Called Strike
1-1: Ball
2-1: Foul Ball, location: 2F
2-2: Ball
3-2: Foul Ball, location: 2F
3-2: Foul Ball, location: 2F
3-2: Strikes out swinging
Batting: RHB Broderick Sarcoma 0-0: Ball
1-0: Ball
2-0: SINGLE (Groundball, 56D, EV 96.9 MPH)
Nikolai Volkoff to second
Batting: LHB Bartolo Soto 0-0: Ball
1-0: Ground out 4-3 (Groundball, 4, EV 90.0 MPH)
Top of the 7th over - 0 runs, 2 hits, 0 errors, 2 left on base; Nashville 4 - Toledo 3
BOTTOM OF THE 7TH
Toledo Stingers batting - Pitching for Nashville Outlaws : LHP Bob Bolen
Batting: RHB Brook Linen 0-0: Called Strike
0-1: Ground out U3 (Groundball, 3S, EV 83.1 MPH)
Batting: LHB Lester Threlfall 0-0: Ball
1-0: Called Strike
1-1: Ball
2-1: Ground out 4-3 (Groundball, 4, EV 82.5 MPH)
Batting: LHB Matt Dunlap 0-0: Ball
1-0: Ball
2-0: SINGLE (Line Drive, 6MD, EV 95.0 MPH)
Batting: RHB Baldomero Avino 0-0: Ball
1-0: Called Strike
1-1: Swinging Strike
1-2: Foul Ball, location: 2F
1-2: Foul Ball, location: 2F
1-2: Foul Ball, location: 2F
1-2: Ball
2-2: Foul Ball, location: 2F
2-2: Fielders Choice at 2nd, 5-4 (Groundball, 56, EV 91.2 MPH)
Bottom of the 7th over - 0 runs, 1 hit, 0 errors, 1 left on base; Nashville 4 - Toledo 3
TOP OF THE 8TH
Nashville Outlaws batting - Pitching for Toledo Stingers : RHP Adam Durango
Batting: LHB Duff Eckstein 0-0: Ball
1-0: Ball
2-0: Ground out 4-3 (Groundball, 4, EV 81.9 MPH)
Batting: LHB Wilson Hernández 0-0: Ball
1-0: Ball
2-0: Ball
3-0: Called Strike
3-1: Swinging Strike
3-2: Strikes out swinging
Batting: LHB Daniel Page 0-0: Called Strike
0-1: Foul Ball, location: 2F
0-2: Ball
1-2: Ball
2-2: Ball
3-2: Ground out 6-3 (Groundball, 6M, EV 86.9 MPH)
Top of the 8th over - 0 runs, 0 hits, 0 errors, 0 left on base; Nashville 4 - Toledo 3
BOTTOM OF THE 8TH
Toledo Stingers batting - Pitching for Nashville Outlaws : LHP Bob Bolen
Batting: SHB Adam Clements 0-0: Foul Ball, location: 2F
0-1: Ball
1-1: Called Strike
1-2: Ball
2-2: Fly out, F8 (Line Drive, 8LD, EV 98.8 MPH)
Batting: RHB Anselmo Berneu 0-0: Ball
1-0: SINGLE (Groundball, 4MD, EV 95.0 MPH)
Pinch Hitting: RHB Jesse Garrett 0-0: Fly out, F8 (Flyball, 8RD, EV 102.5 MPH)
Pitching: RHP Gerald Plomp
Batting: RHB David Alcabú 0-0: Swinging Strike
0-1: Foul Ball, location: 2F
0-2: Ball
1-2: Ball
2-2: Strikes out swinging
Bottom of the 8th over - 0 runs, 1 hit, 0 errors, 1 left on base; Nashville 4 - Toledo 3
TOP OF THE 9TH
Nashville Outlaws batting - Pitching for Toledo Stingers : RHP Adam Durango
Now at SS: Chet Clifton
Batting: LHB Juan Santángel 0-0: Ball
1-0: Called Strike
1-1: Swinging Strike
1-2: Ball
2-2: Ball
3-2: Base on Balls
Pitching: LHP Ricky McCauley
Batting: LHB Nikolai Volkoff 0-0: Ball
1-0: Ball
2-0: Ball
3-0: Base on Balls
Juan Santángel to second
Batting: RHB Shimei Miura 0-0: Ball
1-0: Fly out, F9 (Line Drive, 9D, EV 95.0 MPH)
Runner from 2nd tags up, SAFE at 3rd, no throw by RF
Batting: RHB Jong-yun Rhee 0-0: Called Strike
0-1: DOUBLE (Flyball, 8RXD, EV 106.9 MPH)
Juan Santángel scores
Nikolai Volkoff to third
Batting: RHB Broderick Sarcoma 0-0: Intentional Walk
Batting: LHB Bartolo Soto 0-0: Ball
1-0: Grounds into fielders choice 3-2 (Groundball, 34, EV 76.9 MPH)
Jong-yun Rhee to third
Broderick Sarcoma to second
Batting: LHB Duff Eckstein 0-0: Foul Ball, location: 2F
0-1: Called Strike
0-2: Ball
1-2: Ball
2-2: Fielders Choice at 2nd, 5-4 (Groundball, 56, EV 100.6 MPH)
Top of the 9th over - 1 run, 1 hit, 0 errors, 3 left on base; Nashville 5 - Toledo 3
BOTTOM OF THE 9TH
Toledo Stingers batting - Pitching for Nashville Outlaws : RHP Gerald Plomp
Pitching: RHP Mark Zaugg
Batting: LHB Snow Wang 0-0: Ball
1-0: Ball
2-0: Ball
3-0: Called Strike
3-1: Fly out, F9 (Flyball, 9D, EV 91.9 MPH)
Batting: RHB Brook Linen 0-0: Called Strike
0-1: SINGLE (Groundball, 25, EV 69.4 MPH) (infield hit)
Batting: LHB Lester Threlfall 0-0: Ball
1-0: Ball
2-0: Fly out, F7 (Flyball, 78S, EV 93.8 MPH)
Batting: LHB Matt Dunlap 0-0: Ball
1-0: SINGLE (Groundball, 34D, EV 98.8 MPH)
Brook Linen to second
Batting: RHB Baldomero Avino 0-0: Ball
1-0: Foul Ball, location: 2F
1-1: Foul Ball, location: 2F
1-2: Foul Ball, location: 2F
1-2: SINGLE (Line Drive, 56D, EV 98.8 MPH)
Brook Linen to third
Matt Dunlap to second
Batting: SHB Adam Clements 0-0: Called Strike
0-1: GRAND SLAM HOME RUN (Flyball, 9D, EV 95.6 MPH), Distance : 387 ft
Friday, March 26th, 2021 - OOTP Baseball 20.8 Build 74